 Dungeon Crawl Stone Soup version 0.28.0-43-g3370ac3207 (webtiles) character file.

Game seed: 5378112591877198949

86 tizbic2 the Grave Robber (level 4, 0/35 HPs)
             Began as a Demigod Necromancer on Mar 12, 2022.
             Slain by Robin
             ... wielding a +0 club
              (3 damage)
             ... on level 2 of the Dungeon.
             The game lasted 00:06:57 (2289 turns).

tizbic2 the Grave Robber (Demigod Necromancer)      Turns: 2289, Time: 00:06:58

Health: 0/35       AC:  5    Str: 13    XL:     4   Next: 6%
Magic:  2/10       EV: 10    Int: 17    God:
Gold:   94         SH:  0    Dex: 14    Spells: 3/7 levels left

rFire   . . .      SeeInvis .   k - +0 mace (flame)
rCold   . . .      Faith    .   (no shield)
rNeg    . . .      Spirit   .   f - +0 ring mail
rPois   .          Reflect  .   (no helmet)
rElec   .          Harm     .   (no cloak)
rCorr   .          Rampage  .   (no gloves)
Will    .....                   (no boots)
Stlth   +.........              h - amulet of magic regeneration
HPRegen 0.11/turn               (no ring)
MPRegen 0.52/turn               (no ring)

@: mighty, on berserk cooldown, very slightly contaminated, slowed, very slow
A: high MP 1, forlorn, divine attributes
a: no special abilities


You were on level 2 of the Dungeon.
You visited 1 branch of the dungeon, and saw 2 of its levels.

You collected 94 gold pieces.

Inventory:

Hand Weapons
 k - a +0 mace of flaming (weapon)
Missiles
 b - 44 stones (quivered)
Armour
 a - a +0 robe
 e - a +0 chain mail
 f - a +0 ring mail (worn)
 i - a +0 scale mail
Jewellery
 h - an amulet of magic regeneration (around neck)
Potions
 l - a potion of lignification {unknown}


   Skills:
 + Level 1.0 Fighting
 * Level 2.0 Armour
 - Level 1.7 Dodging
 - Level 1.7 Stealth
 + Level 2.2 Spellcasting
 * Level 4.2 Necromancy


You had 3 spell levels left.
You knew the following spells:

 Your Spells              Type           Power      Damage    Failure   Level
a - Pain                  Necr           64%        1d7       7%          1
b - Vampiric Draining     Necr           16%        2d7       21%         3

Your spell library contained the following spells:

 Spells                   Type           Power      Damage    Failure   Level
 Animate Skeleton         Necr           32%        N/A       7%          1
 Animate Dead             Necr           8%         N/A       56%         4
 Agony                    Necr           16%        N/A       88%         5


Dungeon Overview and Level Annotations

Branches:
Dungeon (2/15)

Annotations:
D:2 Robin


Innate Abilities, Weirdness & Mutations

You have an increased reservoir of magic. (+10% MP)
You shall have no god before yourself.
Your divine heritage dramatically boosts your attributes as you level up.


Message History

Confirm with . or Enter, or press ? or * to list all spells.
The spell is quite dangerous to miscast (21% risk of failure)!
Continue anyway?
Aiming: Vampiric Draining (quite dangerous; 21% risk of failure)
Press: ? - help, Shift-Dir - straight line, f/p - Robin
Aim: Robin, wielding a +0 club, wearing a +0 animal skin and wearing a +0 helmet (heavily wounded)
You draw life force from Robin.
You feel life coursing into your body. Robin hits you with a +0 club.
* * * LOW HITPOINT WARNING * * *
Robin closely misses you.
Casting: Vampiric Draining (quite dangerous; 21% risk of failure)
Confirm with . or Enter, or press ? or * to list all spells.
The spell is quite dangerous to miscast (21% risk of failure)!
Continue anyway?
Aiming: Vampiric Draining (quite dangerous; 21% risk of failure)
Press: ? - help, Shift-Dir - straight line, f/p - Robin
Aim: Robin, wielding a +0 club, wearing a +0 animal skin and wearing a +0 helmet (heavily wounded)
You miscast Vampiric Draining.
Nothing appears to happen.
Robin closely misses you.
Casting: Vampiric Draining (quite dangerous; 21% risk of failure)
Confirm with . or Enter, or press ? or * to list all spells.
The spell is quite dangerous to miscast (21% risk of failure)!
Continue anyway?
Aiming: Vampiric Draining (quite dangerous; 21% risk of failure)
Press: ? - help, Shift-Dir - straight line, f/p - Robin
Aim: Robin, wielding a +0 club, wearing a +0 animal skin and wearing a +0 helmet (heavily wounded)
You draw life force from Robin.
You feel life coursing into your body. Robin hits you but does no damage.
Robin hits you with a +0 club.
* * * LOW HITPOINT WARNING * * *
Casting: Vampiric Draining (quite dangerous; 21% risk of failure)
Confirm with . or Enter, or press ? or * to list all spells.
The spell is quite dangerous to miscast (21% risk of failure)!
Continue anyway?
Aiming: Vampiric Draining (quite dangerous; 21% risk of failure)
Press: ? - help, Shift-Dir - straight line, f/p - Robin
Aim: Robin, wielding a +0 club, wearing a +0 animal skin and wearing a +0 helmet (almost dead)
You miscast Vampiric Draining.
Nothing appears to happen.
Robin hits you but does no damage.
It was a potion of might.
You feel very mighty all of a sudden. Robin hits you with a +0 club.
* * * LOW HITPOINT WARNING * * *
Robin hits you with a +0 club.
You die...

#.....# .... ###...
#.....# #...
####.....# #...
#........# #..#
#.......## #..#
#.......# #..#
#.......# #..#
#.......###########.#.
#..#
####......()@gg.......
#...
###########g.####.#
#..# #.)# #...
#..g.g.).# #...
####g###.# # .# .# .#
..


You could see Robin and 2 hobgoblins.

Vanquished Creatures
  3 adders (D:2)
  A worm (D:2)
  A dart slug (D:1)
  4 bats
  6 endoplasms
  9 goblins
  6 hobgoblins
  6 jackals
  A quokka (D:2)
  2 ball pythons (D:1)
  3 frilled lizards
  2 kobolds
  4 rats
48 creatures vanquished.

Notes
Turn   | Place    | Note
-------+----------+-------------------------------------------
     0 | D:1      | tizbic2 the Demigod Necromancer began the quest for the
                  | Orb.
     0 | D:1      | Reached XP level 1. HP: 14/14 MP: 5/5
   548 | D:1      | Reached XP level 2. HP: 12/22 MP: 7/7
   713 | D:1      | Reached skill level 1 in Armour
  1359 | D:2      | Reached skill level 4 in Necromancy
  1359 | D:2      | Reached XP level 3. HP: 16/27 MP: 6/8
  1844 | D:2      | Learned a level 3 spell: Vampiric Draining
  1853 | D:2      | Reached skill level 1 in Fighting
  2261 | D:2      | Noticed Robin
  2276 | D:2      | Reached XP level 4. HP: 14/35 MP: 10/10
  2289 | D:2      | Slain by Robin

Illustrated notes

Levels and vault maps discovered:
D:1:      dpeg_arrival_rooms_b, layout_rooms
D:2:      layout_basic, shapermc_ecumenical_altar_acropolis, minmay_unequal,
          uniq_robin

Skill      XL: |  1  2  3  4 |
---------------+-------------+-----
Armour         | 1 2 |  2.0
Spellcasting   | 2 |  2.2
Necromancy     | 4 |  4.2
Fighting       | 1 |  1.0
Dodging        | |  1.7
Stealth        | |  1.7

Action                   |  1- 3 |  4- 6 || total
-------------------------+-------+-------++-------
Melee: Hand axe          |   108 |       ||   108
       Mace              |    30 |     3 ||    33
       Punch             |     1 |       ||     1
Throw: Stone             |    18 |       ||    18
 Cast: Pain              |    10 |       ||    10
       Vampiric Draining |     3 |     6 ||     9
  Use: Scroll            |     3 |       ||     3
       Potion            |     1 |     2 ||     3
Armor: Robe              |     5 |       ||     5
       Chain mail        |    43 |       ||    43
       Ring mail         |    59 |     6 ||    65
Dodge: Dodged            |    95 |     5 ||   100
